AoeStats
← 布丁

Arena

505432316Analyzed
4v4 RM · 23d ago on Sep 9, 2026· 43m 46s· 8 players
Game mode
Random Map
Map size
Large (8 player)
Population
200
Speed
Normal
Resources
Standard
Victory
Conquest
Starting age
Dark Age
Ending age
Imperial Age
RankedLock teamsTeams togetherTeam positionsShared explorationLock speedFull tech treeHidden civsTurbo modeCheats
Victory
Defeat
794
+17
🇹🇼 Goths · Taiwan
752
+36
🇨🇳 Gurjaras · China
726
+19
🇨🇳 Persians · China
717
+20
🇭🇺 Koreans · Hungary
851
-21
🇳🇱 Vietnamese · Netherlands
818
-19
🇹🇷 Mongols · Türkiye
774
-17
🇫🇷 Goths · France
772
-17
WaterfietsXL
0:48 Loom
14:20 Feudal Age
20:11 Castle Age
19:04 Double-Bit Axe
19:36 Stone Mining
21:17 Horse Collar
22:10 Bow Saw
29:57 Heavy Plow
30:08 Gold Mining
38:28 Imperial Age
36:02 Chatras
37:51 Wheelbarrow
37:30 Caravan
40:43 Chemistry
39:25 Capped Ram
41:06 Elite Battle Elephant
43:18 Pikeman
THEAVENGR
10:45 Feudal Age
14:55 Castle Age
13:28 Double-Bit Axe
18:06 Loom
21:34 Bow Saw
26:02 Wheelbarrow
25:31 Horse Collar
25:55 Stone Mining
26:06 Fletching
26:52 Gold Mining
29:41 Hand Cart
35:43 Imperial Age
34:10 Treadmill Crane
34:26 Murder Holes
34:42 Masonry
36:06 Bodkin Arrow
37:24 Conscription
37:00 Heavy Rocket Cart
38:17 Forging
38:07 Scale Mail Armor
38:24 Eupseong
40:13 Architecture
40:58 Ballistics
41:41 Chemistry
41:12 Bracer
42:52 Gold Shaft Mining
43:21 Two-Man Saw
Poexs
11:33 Feudal Age
13:13 Double-Bit Axe
17:40 Castle Age
15:36 Horse Collar
16:00 Gold Mining
16:22 Stone Mining
17:34 Town Watch
18:26 Wheelbarrow
17:40 Loom
18:55 Bow Saw
19:44 Heavy Plow
31:39 Ballistics
35:12 Imperial Age
33:31 Stone Shaft Mining
33:50 Gold Shaft Mining
33:57 Scale Barding Armor
33:54 Padded Archer Armor
33:45 Fletching
34:09 Town Patrol
34:25 Hand Cart
34:32 Hand Cart
35:34 Onager
37:34 Conscription
37:12 Elite Mangudai
39:09 Husbandry
39:20 Bloodlines
39:18 Thumb Ring
39:40 Parthian Tactics
42:10 Leather Archer Armor
41:51 Bodkin Arrow
41:49 Siege Onager
emir.radurof
0:44 Loom
11:30 Feudal Age
12:11 Double-Bit Axe
12:11 Horse Collar
18:25 Castle Age
18:48 Forging
18:33 Gold Mining
18:39 Stone Mining
18:56 Scale Mail Armor
18:49 Fletching
19:50 Bow Saw
20:07 Heavy Plow
23:42 Pikeman
24:23 Squires
28:23 Fervor
35:12 Wheelbarrow
36:52 Bloodlines
36:04 Light Cavalry
36:43 Murder Holes
37:10 Ballistics
37:01 Masonry
39:40 Imperial Age
39:30 Iron Casting
38:51 Bodkin Arrow
39:13 Chain Mail Armor
39:49 Halberdier
40:56 Anarchy
41:06 Perfusion
41:27 Conscription
I QUIT FOR THE SICK MAP
11:22 Feudal Age
15:12 Castle Age
13:34 Double-Bit Axe
14:09 Horse Collar
16:27 Wheelbarrow
16:10 Bow Saw
16:07 Heavy Plow
22:48 Hand Cart
24:37 Gold Mining
26:16 Scale Barding Armor
26:21 Forging
26:13 Padded Archer Armor
26:43 Treadmill Crane
27:25 Loom
28:52 Chain Barding Armor
29:08 Iron Casting
28:48 Leather Archer Armor
28:24 Fletching
30:11 Bloodlines
30:01 Husbandry
30:34 Ballistics
31:55 Leather Archer Armor
31:36 Bodkin Arrow
32:01 Fortified Wall
31:52 Murder Holes
33:12 Chatras
36:01 Imperial Age
37:18 Plate Barding Armor
37:13 Ring Archer Armor
36:44 Bracer
36:53 Thumb Ring
37:12 Paper Money
36:13 Elite Rattan Archer
36:31 Elite Battle Elephant
37:51 Guilds
38:43 Chemistry
38:49 Two-Man Saw
38:33 Crop Rotation
布丁
1:25 Loom
13:47 Feudal Age
15:25 Wheelbarrow
18:09 Castle Age
16:03 Double-Bit Axe
16:04 Horse Collar
20:05 Hand Cart
25:34 Town Watch
26:41 Gold Mining
30:46 Imperial Age
29:49 Heavy Plow
30:04 Bow Saw
30:45 Scale Mail Armor
30:56 Forging
32:55 Anarchy
32:57 Perfusion
32:20 Pikeman
33:01 Squires
35:08 Chemistry
34:53 Elite Huskarl
38:00 Fletching
38:26 Chain Mail Armor
38:47 Iron Casting
40:17 Halberdier
1192339610
0:40 Loom
1:10 Loom
10:10 Feudal Age
11:33 Wheelbarrow
12:01 Double-Bit Axe
12:00 Horse Collar
20:27 Castle Age
22:14 Bow Saw
22:07 Heavy Plow
22:29 Hand Cart
27:21 Scale Barding Armor
27:26 Forging
29:36 Husbandry
29:48 Bloodlines
29:55 Gold Mining
30:00 Stone Mining
30:43 Town Watch
34:13 Imperial Age
32:18 Ballistics
32:26 Caravan
32:47 Kamandaran
34:02 Cavalier
34:07 Crossbowman
34:56 Thumb Ring
36:05 Chain Barding Armor
36:21 Iron Casting
35:36 Fletching
35:47 Padded Archer Armor
36:59 Chemistry
36:30 Conscription
35:55 Savar
39:10 Plate Barding Armor
39:36 Blast Furnace
38:32 Bodkin Arrow
38:05 Pikeman
38:46 Squires
bnana2K
4:53 Loom
13:24 Feudal Age
17:57 Castle Age
17:08 Arson
16:44 Man-at-Arms
17:56 Man-at-Arms
27:46 Double-Bit Axe
28:24 Long Swordsman
31:20 Fletching
32:33 Thumb Ring
36:27 Kshatriyas
37:49 Horse Collar
39:24 Elite Skirmisher
42:40 Bloodlines
42:30 Husbandry
Connection lost

Rejoining the realm…

Still unreachable

The connection could not be restored.

Session expired

The server has moved on; the page needs a fresh start.